Map: Iron Fortress LE (Void)

Players

Kanai - Winner!

  • Race: Protoss Protoss

Javert

  • Race: Zerg Zerg

VOD

Have the link to the VOD?

Description

Time

  • Played on: May 1, 2015, 6:50 p.m.
  • Length: 10:23
Show
View Real Time Build Order
Export as new Build Order

Kanai Protoss - Winner!

Build Orders: Nexus First 

Get SALT Encoding   

  12  0:00  Probe  
  13  0:12  Probe  
  14  0:21  Pylon  
  14  0:39  Probe (Chrono Boost)  
  15  0:49  Probe (Chrono Boost)  
  16  0:56  Nexus  
  16  1:06  Gateway  
  16  1:09  Probe (Chrono Boost)  
  17  1:18  Assimilator  
  18  1:20  Probe (Chrono Boost)  
  18  1:28  Pylon  
  18  1:30  Probe (Chrono Boost)  
  19  1:42  Probe (Chrono Boost)  
  20  1:49  Probe (Chrono Boost)  
  20  1:53  Cybernetics Core, Zealot  
  23  1:59  Probe, Assimilator  
  25  2:11  Probe (Chrono Boost)  
  25  2:12  Probe (Chrono Boost)  
  26  2:16  Forge  
  28  2:23  Probe (Chrono Boost)  
  28  2:24  Probe (Chrono Boost)  
  28  2:32  Warp Gate  
  28  2:33  Mothership Core (Chrono Boost), Probe (Chrono Boost)  
  31  2:45  Probe (Chrono Boost)  
  31  2:50  Protoss Ground Weapons Level 1  
  33  2:52  Probe (Chrono Boost)  
  33  2:53  Probe (Chrono Boost)  
  34  2:59  Probe  
  34  3:01  Probe  
  36  3:06  Pylon  
  36  3:09  Sentry  
  36  3:12  Probe (Chrono Boost)  
  39  3:14  Probe (Chrono Boost)  
  39  3:15  Gateway  
  40  3:23  Probe (Chrono Boost)  
  40  3:24  Probe (Chrono Boost)  
  42  3:29  Probe (Chrono Boost)  
  42  3:31  Probe, Gateway  
  44  3:37  Pylon  
  44  3:41  Probe  
  43  3:43  Probe  
  44  3:53  Probe  
  44  3:55  Probe  
  45  3:57  Sentry (Chrono Boost)  
  47  4:05  Probe  
  47  4:07  Probe  
  49  4:16  Assimilator  
  48  4:17  Probe (Chrono Boost)  
  48  4:19  Probe (Chrono Boost), Assimilator  
  50  4:29  Probe (Chrono Boost), Pylon  
  52  4:31  Probe (Chrono Boost)  
  52  4:36  Probe (Chrono Boost), Pylon  
  52  4:37  Probe (Chrono Boost)  
  54  4:41  Sentry  
  54  4:44  Sentry, Zealot  
  60  4:46  Pylon  
  60  4:47  Pylon  
  60  5:02  Gateway  
  60  5:04  Gateway  
  60  5:05  Twilight Council  
  60  5:06  Robotics Facility  
  60  5:10  Stalker x2  
  60  5:11  Zealot  
  66  5:18  Nexus  
  66  5:19  Pylon  
  62  5:40  Stalker x3  
  64  5:54  Immortal (Chrono Boost)  
  64  5:55  Gateway  
  68  5:58  Gateway  
  68  6:10  Stalker x4  
  76  6:12  Blink (Chrono Boost)  
  76  6:24  Immortal (Chrono Boost)  
  76  6:25  Probe x2  
  81  6:32  Protoss Ground Weapons Level 2  
  81  6:37  Probe x2  
  81  6:38  Probe  
  84  6:40  Photon Cannon  
  84  6:42  Photon Cannon  
  84  6:49  Probe x2  
  84  6:50  Probe  
  87  6:57  Sentry x3, Warp Prism (Chrono Boost)  
  95  7:01  Probe x2  
  95  7:02  Probe  
  98  7:13  Probe x2  
  98  7:16  Probe  
  98  7:19  Pylon  
  98  7:21  Pylon  
  99  7:22  Zealot  
  99  7:25  Probe x2  
  99  7:27  Zealot x3  
  99  7:28  Probe, Zealot  
  112  7:37  Probe  
  112  7:38  Probe  
  112  7:40  Immortal (Chrono Boost)  
  112  7:41  Probe  
  112  7:43  Robotics Bay  
  119  7:46  Assimilator x2  
  119  7:49  Pylon  
  119  7:50  Pylon  
  118  8:12  Stalker x5  
  126  8:13  Stalker  
  126  8:15  Immortal (Chrono Boost)  
  132  8:41  Colossus (Chrono Boost)  
  132  8:44  Robotics Facility  
  132  8:47  Gateway  
  135  8:56  Probe  
  134  9:05  Zealot x6  
  146  9:11  Pylon  
  146  9:13  Pylon  
  146  9:14  Pylon  
  146  9:15  Pylon x2  
  146  9:18  Pylon  
  146  9:31  Gateway  
  150  9:33  Gateway, Disruptor (Chrono Boost)  
  150  9:35  Gateway  
  152  9:40  Zealot  
  152  9:43  Sentry x3  
  152  9:44  Disruptor (Chrono Boost)  
  152  9:45  Disruptor x2  
  160  10:00  Observer (Chrono Boost)  
Show
View Real Time Build Order
Export as new Build Order

Javert Zerg 

Build Orders: Hatch First 

Get SALT Encoding   

  12  0:01  Drone  
  13  0:13  Overlord  
  13  0:18  Drone  
  14  0:31  Drone x2  
  16  0:37  Drone  
  17  0:55  Hatchery  
  16  0:58  Drone  
  16  1:01  Extractor  
  16  1:07  Drone  
  16  1:19  Spawning Pool  
  15  1:26  Drone x2  
  18  1:40  Drone  
  18  1:44  Drone  
  19  1:55  Drone  
  20  2:07  Metabolic Boost  
  20  2:08  Queen  
  22  2:09  Queen  
  22  2:11  Zergling x2  
  25  2:15  Overlord  
  25  2:19  Zergling x2  
  25  2:21  Zergling x2  
  27  2:28  Drone  
  28  2:35  Drone  
  28  2:36  Drone  
  30  2:53  Drone  
  30  2:54  Drone  
  32  3:04  Hatchery  
  32  3:05  Drone x3  
  34  3:15  Roach Warren  
  34  3:16  Extractor  
  34  3:17  Drone x2  
  34  3:30  Drone x2  
  34  3:31  Overlord x2  
  36  3:54  Drone  
  36  3:55  Drone x6  
  42  4:10  Drone x5  
  42  4:16  Overlord x2  
  45  4:18  Queen  
  45  4:22  Roach x3  
  53  4:26  Roach  
  53  4:29  Overlord  
  55  4:32  Extractor  
  55  4:34  Roach  
  56  4:42  Roach x2  
  56  4:44  Ravager x2  
  56  4:45  Ravager  
  63  4:50  Roach x3  
  69  4:53  Overlord  
  69  5:02  Roach x3  
  69  5:05  Drone x3  
  69  5:06  Drone x2  
  80  5:14  Ravager  
  80  5:17  Drone x6  
  82  5:50  Roach  
  82  5:53  Overlord x3  
  79  5:57  Ravager  
  79  5:58  Ravager x2  
  74  6:12  Overlord  
  74  6:13  Lair  
  74  6:15  Drone x2  
  74  6:16  Drone x4  
  80  6:23  Extractor  
  79  6:26  Drone x2  
  79  6:27  Drone x3, Extractor x2  
  79  6:32  Hatchery  
  70  6:36  Roach x3  
  70  6:40  Spine Crawler x2  
  70  6:42  Spine Crawler, Roach x2  
  70  6:44  Spine Crawler  
  70  6:48  Roach x4  
  70  6:49  Roach  
  70  6:52  Zergling x2  
  70  6:53  Zergling x10  
  86  7:00  Ravager  
  87  7:02  Ravager  
  88  7:10  Drone x3  
  91  7:18  Roach x5  
  101  7:24  Ravager  
  101  7:25  Drone x3  
  102  7:37  Drone x3  
  102  7:41  Glial Reconstitution  
  102  7:44  Hydralisk Den, Queen x2  
  104  7:49  Drone x4  
  112  7:58  Ravager x3  
  115  8:03  Lurker Den  
  115  8:06  Zergling x10  
  115  8:08  Overlord x3  
  118  8:24  Burrow  
  114  8:39  Hydralisk x6  
  114  8:40  Hydralisk x2  
  124  9:08  Hydralisk x8  
  140  9:15  Drone x2, Overlord x2  
  142  9:25  Drone  
  143  9:32  Overlord x4  
  143  9:39  Ravager x3  
  143  9:40  Drone x2  
  148  9:47  Overlord  
  148  10:04  Overlord x2  
  148  10:07  Evolution Chamber x2  
  107  10:23  Hatchery  
Tags
 
Add a new tag
Caveats
  • Supply blocks, unpowered buildings, or Contaminate may cause inaccurate times.
  • Supply counts are checked every 10 seconds.